 Dungeon Crawl Stone Soup version 0.31-a0-4-gefa6de2278 (webtiles) character file.

Game seed: 6701240634332019922

4601 retardedninja the Magician (level 10, -7/74 HPs)
             Began as a Gnoll Fire Elementalist on May 3, 2023.
             Was an Elder of Cheibriados.
             Hit by a large rock thrown by a cyclops (32 damage)
             ... on level 8 of the Dungeon.
             The game lasted 00:14:50 (10766 turns).

retardedninja the Magician (GnFE)                  Turns: 10766, Time: 00:14:50

Health: -7/74      AC:  9    Str: 18    XL:     10   Next: 42%
Magic:  25/30      EV: 17    Int: 29    God:    Cheibriados [****..]
Gold:   521        SH:  0    Dex: 22    Spells: 14/24 levels left

rFire   + . .        G - +4 battleaxe
rCold   x . .        (shield currently unavailable)
rNeg    . . .        C - +0 steam dragon scales
rPois   .            l - +2 helmet
rElec   .            (no cloak)
rCorr   .            (no gloves)
SInv    .            (no boots)
Will    .....        v - amulet of regeneration
Stlth   ++++         h - ring of magical power
HPRegen 1.12/turn    o - ring of fire
MPRegen 0.22/turn

%: no passive effects
@: about to teleport, very slow
A: fangs 1, strong nose, distributed training
a: Renounce Religion, Bend Time, Temporal Distortion, Slouch


You were on level 8 of the Dungeon.
You worshipped Cheibriados.
Cheibriados was greatly pleased with you.
You visited 2 branches of the dungeon, and saw 9 of its levels.

You collected 521 gold pieces.

Inventory:

Hand Weapons
 G - a +4 battleaxe (weapon)
Missiles
 a - 3 throwing nets
Armour
 l - a +2 helmet (worn)
 C - +0 steam dragon scales (worn)
Jewellery
 h - a ring of magical power (left hand)
 o - a ring of fire (right hand)
 v - an amulet of regeneration (around neck)
Wands
 m - a wand of flame (10)
 B - a wand of paralysis (9)
 F - a wand of iceblast (8)
Scrolls
 d - a scroll of blinking {unknown}
 f - a scroll of torment {unknown}
 g - a scroll of poison
 j - 4 scrolls of noise
 k - 2 scrolls of amnesia
 r - a scroll of enchant armour {unknown}
 s - a scroll of magic mapping
 t - a scroll of brand weapon {unknown}
 A - 4 scrolls of fear {unknown}
 E - a scroll of identify
Potions
 b - 3 potions of magic
 c - a potion of ambrosia
 e - a potion of berserk rage {unknown}
 i - 2 potions of flight {unknown}
 n - 8 potions of curing {unknown}
 p - 2 potions of degeneration
 q - 2 potions of attraction
 u - a potion of lignification
 w - a potion of heal wounds {unknown}
 x - a potion of brilliance
 D - a potion of invisibility {unknown}


   Skills:
 + Level 5.4 Fighting
 + Level 5.4 Short Blades
 + Level 5.4 Long Blades
 + Level 5.4 Axes
 + Level 5.4 Maces & Flails
 + Level 5.4 Polearms
 + Level 5.4 Staves
 + Level 5.4 Ranged Weapons
 + Level 5.4 Throwing
 + Level 5.4 Armour
 + Level 7.2 Dodging
 + Level 7.0 Stealth
 + Level 5.4 Shields
 + Level 5.4 Unarmed Combat
 + Level 7.5 Spellcasting
 + Level 5.0 Conjurations
 + Level 4.5 Hexes
 + Level 4.5 Summonings
 + Level 4.5 Necromancy
 + Level 4.5 Translocations
 + Level 4.5 Transmutations
 + Level 7.2 Fire Magic
 + Level 4.5 Ice Magic
 + Level 4.5 Air Magic
 + Level 4.5 Earth Magic
 + Level 4.5 Poison Magic
 + Level 6.0 Invocations
 + Level 5.4 Evocations


You had 14 spell levels left.
You knew the following spells:

 Your Spells              Type           Power      Damage    Failure   Level
a - Foxfire               Conj/Fire      100%       2x1d9     1%          1
b - Scorch                Fire           100%       2d9       1%          2
c - Flame Wave            Conj/Fire      63%        2d15      3%          4
d - Inner Flame           Hex/Fire       61%        N/A       1%          3

Your spell library contained the following spells:

 Spells                   Type           Power      Damage    Failure   Level
 Shock                    Conj/Air       100%       1d9       1%          1
 Ensorcelled Hibernation  Hex/Ice        74%        N/A       1%          2
 Poisonous Vapours        Pois/Air       74%        N/A       1%          2
 Dazzling Flash           Conj/Hex       76%        N/A       1%          3
 Mephitic Cloud           Conj/Pois/Air  38%        N/A       1%          3
 Volatile Blastmotes      Fire/Tloc      100%       2d18      1%          3
 Spider Form              Tmut/Pois      37%        N/A       2%          3
 Swiftness                Air            37%        N/A       2%          3
 Iskenderun's Mystic Bla  Conj/Tloc      38%        2d9       7%          4
 Airstrike                Air            18%        2d(3-19)  8%          4
 Anguish                  Hex/Necr       18%        N/A       8%          4
 Freezing Cloud           Conj/Ice/Air   19%        6-21      19%         5
 Starburst                Conj/Fire      31%        6d10      52%         6


Dungeon Overview and Level Annotations

Branches:
Dungeon (8/15)             Temple (1/1) D:4
   Lair: D:8-11

Altars:
Ashenzari
Cheibriados
Dithmenos
Fedhas
Gozag
Hepliaklqana
Kikubaaqudgha
Makhleb
Nemelex Xobeh
Okawaru
Qazlal
Ru
Sif Muna
Trog
Uskayaw
Vehumet
Wu Jian
Xom
Yredelemnul
Zin
The Shining One

Shops:
D:2 (

Annotations:
D:5 4 runed translucent doors, Crazy Yiuf; blaah's ghost, weakling DsGl


Innate Abilities, Weirdness & Mutations

You have very sharp teeth.
Your uncanny sense of smell can sniff out nearby items.
Your experience applies equally to all skills.


Message History

A centaur warrior comes into view.
Unknown command.
A wave of flame ripples out!
The flame wave engulfs the boulder beetle!
The boulder beetle is almost dead.
You finish channelling waves of flame.
You hear a howl!
You hear a shout!
The centaur warrior wields a +0 shortbow.
The centaur warrior shoots an arrow.
The arrow misses you.
The boulder beetle leaps!
The centaur shoots an arrow.
The arrow closely misses you.
The centaur warrior shoots an arrow.
The arrow closely misses you.
The boulder beetle curls into a ball and begins rolling!
The cyclops throws a large rock.
The large rock misses you.
The centaur warrior shoots an arrow.
The arrow misses you.
The centaur shoots an arrow.
The arrow misses you.
Casting: Flame Wave (dangerous; 3% risk of failure)
Confirm with . or Enter, or press ? or * to list all spells.
Okay, then.
Aiming: Iceblast
Press: ? - help, Q - select action, (/) - cycle Shift-Dir - straight line, f - boulder beetle
Aim: a boulder beetle (almost dead, rolling)
The mass of ice explodes!
The iceblast engulfs the boulder beetle.
The boulder beetle is almost dead.
You hear a roar!
The centaur warrior shoots an arrow.
The arrow hits you!
The cyclops throws a large rock.
The large rock misses you.
The centaur shoots an arrow.
The arrow closely misses you.
Unknown command.
The centaur shoots an arrow.
The arrow completely misses you. The boulder beetle hits you!
The boulder beetle stops rolling and uncurls.
The cyclops throws a large rock.
The large rock hits you!!
As you read the scroll of teleportation, it crumbles to dust.
You feel strangely unstable.
The centaur shoots an arrow.
The arrow hits you.
The centaur warrior shoots an arrow.
The arrow misses you. The boulder beetle misses you.
The cyclops throws a large rock.
The large rock hits you!!
You die...

.... ..#.# ..c.# ..#.#
...... ....# ...c.C
#...## #.
......##....#..
∆......°.....
#####...°#.##........
........B..##........
#####...@.###........
#.###.# #........
#.#...# #........ .
##..# #........
#######..###........
#................#
#######.######.......#
.....................#
#######.#####......?.#


You could see a boulder beetle, a centaur warrior, a cyclops and a centaur.

Vanquished Creatures
  Maggie (D:6)
  An unseen horror zombie (D:7)
  Grinder (D:6)
  Sigmund (D:6)
  Eustachio (D:6)
  A wraith (D:8)
  A water moccasin (D:5)
  An orc warrior (D:7)
  A black bear (D:6)
  An ogre (D:4)
  A centaur (D:6)
  A kobold brigand (D:6)
  A bullfrog (D:6)
  3 gnoll sergeants
  4 scorpions
  A water moccasin zombie (D:7)
  2 wyvern zombies (D:7)
  An elf skeleton (D:5)
  19 wights
  A howler monkey (D:6)
  2 centaur zombies (D:7)
  A human zombie (D:5)
  2 orc priests (D:7)
  4 hounds
  2 jellies (D:5)
  A human skeleton (D:5)
  Ijyb (D:4)
  7 iguanas
  6 orc wizards
  2 killer bee zombies (D:7)
  A howler monkey zombie (D:7)
  18 gnolls
  7 adders
  An ufetubus (D:5)
  2 worms (D:3)
  A dart slug (D:2)
  23 orcs
  6 bats
  8 endoplasms
  4 giant cockroaches
  12 goblins
  8 hobgoblins
  8 jackals
  3 quokkas
  4 ball pythons
  5 frilled lizards
  11 kobolds
  3 orc skeletons (D:5)
  7 rats
  A spectral goblin (D:1)
205 creatures vanquished.

Vanquished Creatures (others)
  629 foxfires
  6 plants (D:6)
  4 withered plants (D:7)
639 creatures vanquished.

Grand Total: 844 creatures vanquished

Notes
Turn   | Place    | Note
-------+----------+-------------------------------------------
     0 | D:1      | retardedninja the Gnoll Fire Elementalist began the quest
                  | for the Orb.
     0 | D:1      | Reached XP level 1. HP: 13/13 MP: 6/6
   303 | D:1      | Found a faded altar of an unknown god.
   343 | D:1      | Reached XP level 2. HP: 19/19 MP: 4/7
   837 | D:2      | Found Puucooc's Weapon Shoppe.
  1264 | D:2      | Reached skill level 5 in Spellcasting
  1264 | D:2      | Reached XP level 3. HP: 25/25 MP: 9/9
  1351 | D:2      | Reached skill level 1 in Invocations
  1512 | D:2      | Reached skill level 1 in Fighting
  1512 | D:2      | Reached skill level 1 in Short Blades
  1512 | D:2      | Reached skill level 1 in Long Blades
  1512 | D:2      | Reached skill level 1 in Axes
  1512 | D:2      | Reached skill level 1 in Maces & Flails
  1512 | D:2      | Reached skill level 1 in Polearms
  1512 | D:2      | Reached skill level 1 in Staves
  1512 | D:2      | Reached skill level 1 in Ranged Weapons
  1512 | D:2      | Reached skill level 1 in Throwing
  1512 | D:2      | Reached skill level 1 in Armour
  1512 | D:2      | Reached skill level 1 in Shields
  1512 | D:2      | Reached skill level 1 in Unarmed Combat
  1512 | D:2      | Reached skill level 1 in Evocations
  1754 | D:3      | Found a glowing golden altar of the Shining One.
  1834 | D:3      | Reached XP level 4. HP: 32/32 MP: 11/11
  1971 | D:3      | Reached skill level 1 in Hexes
  1971 | D:3      | Reached skill level 1 in Summonings
  1971 | D:3      | Reached skill level 1 in Necromancy
  1971 | D:3      | Reached skill level 1 in Translocations
  1971 | D:3      | Reached skill level 1 in Transmutations
  1971 | D:3      | Reached skill level 1 in Ice Magic
  1971 | D:3      | Reached skill level 1 in Air Magic
  1971 | D:3      | Reached skill level 1 in Earth Magic
  1971 | D:3      | Reached skill level 1 in Poison Magic
  2373 | D:3      | Found a basalt altar of Yredelemnul.
  2378 | D:3      | Found a sacrificial altar of Ru.
  2379 | D:3      | Found a blossoming altar of Fedhas.
  2380 | D:3      | Found a burning altar of Makhleb.
  2664 | D:3      | Reached XP level 5. HP: 37/37 MP: 12/12
  3195 | D:4      | Learned a level 2 spell: Scorch
  3200 | D:4      | Learned a level 4 spell: Flame Wave
  3204 | D:4      | Learned a level 3 spell: Inner Flame
  3394 | D:4      | Found a staircase to the Ecumenical Temple.
  3424 | Temple   | Entered the Ecumenical Temple
  3532 | Temple   | Became a worshipper of Cheibriados the Contemplative
  3946 | D:4      | Noticed an ogre
  3957 | D:4      | Killed an ogre
  3958 | D:4      | Reached skill level 5 in Dodging
  3958 | D:4      | Reached XP level 6. HP: 44/44 MP: 14/14
  4464 | D:4      | Reached * piety under Cheibriados
  4642 | D:4      | Noticed Ijyb
  4653 | D:4      | Killed Ijyb
  4758 | D:5      | Entered Level 5 of the Dungeon
  4920 | D:5      | Reached XP level 7. HP: 50/50 MP: 15/15
  5050 | D:5      | Reached skill level 5 in Stealth
  5214 | D:5      | Reached ** piety under Cheibriados
  5538 | D:5      | Reached XP level 8. HP: 58/58 MP: 16/16
  5569 | D:5      | Found a runed translucent door.
  5570 | D:5      | Noticed Crazy Yiuf
  5639 | D:5      | Found a runed translucent gate.
  5640 | D:5      | Found a runed translucent gate.
  5640 | D:5      | Found a runed translucent gate.
  5640 | D:5      | Found an opulent altar of Gozag.
  5643 | D:5      | Noticed blaah's ghost (weakling DsGl)
  6264 | D:6      | Noticed Sigmund
  6434 | D:6      | Killed Sigmund
  6633 | D:6      | Noticed Eustachio
  7237 | D:6      | Killed Eustachio
  7238 | D:6      | Reached XP level 9. HP: 56/65 MP: 8/18
  7806 | D:6      | Noticed Grinder
  7820 | D:6      | Killed Grinder
  7983 | D:6      | Reached *** piety under Cheibriados
  8148 | D:6      | Noticed Maggie
  8166 | D:6      | Killed Maggie
  8167 | D:6      | Reached skill level 5 in Invocations
  8968 | D:7      | Reached **** piety under Cheibriados
  9083 | D:7      | Reached skill level 5 in Fighting
  9083 | D:7      | Reached skill level 5 in Short Blades
  9083 | D:7      | Reached skill level 5 in Long Blades
  9083 | D:7      | Reached skill level 5 in Axes
  9083 | D:7      | Reached skill level 5 in Maces & Flails
  9083 | D:7      | Reached skill level 5 in Polearms
  9083 | D:7      | Reached skill level 5 in Staves
  9083 | D:7      | Reached skill level 5 in Ranged Weapons
  9083 | D:7      | Reached skill level 5 in Throwing
  9083 | D:7      | Reached skill level 5 in Armour
  9083 | D:7      | Reached skill level 5 in Shields
  9083 | D:7      | Reached skill level 5 in Unarmed Combat
  9083 | D:7      | Reached skill level 5 in Evocations
  9083 | D:7      | Reached XP level 10. HP: 70/74 MP: 18/20
 10310 | D:8      | Reached skill level 5 in Conjurations
 10567 | D:8      | Noticed a boulder beetle
 10758 | D:8      | Noticed a cyclops
 10761 | D:8      | Noticed a centaur warrior
 10766 | D:8      | Hit by a large rock thrown by a cyclops

Illustrated notes

Levels and vault maps discovered:
D:1:      zelgadis_glass_arrival_small, layout_basic,
          dreamdust_ecumenical_altar_drowned_temple, minmay_fountain_box,
          minmay_pentomino_x2
D:2:      layout_loops_cross, serial_shops, shop_statue
D:3:      minmay_bubble_buster, layout_basic, lemuel_tele_altar, minitemple
D:4:      kennysheep_goblin_castle, layout_basic,
          minmay_temple_entry_large_hall, minmay_misc_feat_pillars,
          hangedman_abyss_or_decor_stagger
D:5:      layout_layer_cave, nicolae_ossuary_entry_catacombs,
          ebering_ghost_gozag, uniq_crazy_yiuf_cottage
D:6:      layout_cave_pools, serial_bayou_crossing, uniq_grinder, uniq_sigmund,
          uniq_maggie, uniq_eustachio
D:7:      layout_cave_pools, serial_undead, serial_undead_e, serial_undead_a,
          serial_undead_e, serial_undead_e, serial_undead_f, serial_undead_e,
          serial_undead_e, serial_undead_a
D:8:      minmay_cut_squares, layout_basic
Temple:   kb_temple_of_zot

Skill      XL: |  1  2  3  4  5  6  7  8  9 10 |
---------------+-------------------------------+-----
Conjurations   | 2 3 4 5 |  5.0
Spellcasting   | 5 6 7 |  7.5
Invocations    | 1 2 3 4 5 6 |  6.0
Fighting       | 1 2 3 4 5 |  5.4
Short Blades   | 1 2 3 4 5 |  5.4
Long Blades    | 1 2 3 4 5 |  5.4
Axes           | 1 2 3 4 5 |  5.4
Maces & Flails | 1 2 3 4 5 |  5.4
Polearms       | 1 2 3 4 5 |  5.4
Staves         | 1 2 3 4 5 |  5.4
Ranged Weapons | 1 2 3 4 5 |  5.4
Throwing       | 1 2 3 4 5 |  5.4
Armour         | 1 2 3 4 5 |  5.4
Shields        | 1 2 3 4 5 |  5.4
Unarmed Combat | 1 2 3 4 5 |  5.4
Evocations     | 1 2 3 4 5 |  5.4
Hexes          | 1 2 3 4 |  4.5
Summonings     | 1 2 3 4 |  4.5
Necromancy     | 1 2 3 4 |  4.5
Translocations | 1 2 3 4 |  4.5
Transmutations | 1 2 3 4 |  4.5
Ice Magic      | 1 2 3 4 |  4.5
Air Magic      | 1 2 3 4 |  4.5
Earth Magic    | 1 2 3 4 |  4.5
Poison Magic   | 1 2 3 4 |  4.5
Dodging        | 5 6 7 |  7.2
Stealth        | 5 6 7 |  7.0
Fire Magic     | 6 7 |  7.2

Action                     |  1- 3 |  4- 6 |  7- 9 | 10-12 || total
---------------------------+-------+-------+-------+-------++-------
  Melee: War axe           |       |     6 |    27 |     8 ||    41
         Bite              |       |     1 |     4 |     2 ||     7
         Punch             |       |       |     3 |       ||     3
         Unarmed           |       |       |     1 |       ||     1
   Cast: Foxfire           |    92 |   132 |   115 |    21 ||   360
         Scorch            |       |    21 |    67 |    14 ||   102
         Flame Wave        |       |       |     6 |    12 ||    18
  Evoke: Wand              |       |       |       |     7 ||     7
    Use: Scroll            |       |     5 |     6 |     2 ||    13
         Potion            |       |       |     3 |       ||     3
   Stab: Sleeping          |       |       |     1 |       ||     1
 Armour: Robe              |     3 |    21 |    24 |       ||    48
         Steam dragon scal |       |       |     7 |    18 ||    25
  Dodge: Dodged            |     6 |    48 |   161 |    93 ||   308

Table legend: (Time is in decaauts)
 A = Elapsed time spent in this place.
 B = Non-inter-level travel time spent in this place.
 C = Inter-level travel time spent in this place.
 D = Time resting spent in this place.
 E = Time spent auto-exploring this place.
 F = Levels seen in this place.
 G = Mean time per level.
                   A        B        C        D        E       F      G
               +--------+--------+--------+--------+--------+-----+--------+
         Total |  12256 |  11935 |    321 |   2734 |   7383 |   9 | 1361.8 |
       Dungeon |  12122 |  11825 |    297 |   2734 |   7291 |   8 | 1515.2 |
        Temple |    134 |    110 |     24 |      0 |     92 |   1 |  134.0 |
               +--------+--------+--------+--------+--------+-----+--------+

Top non-repeatable levels by time:
     D:5: 2608 daAuts
     D:6: 2254 daAuts
     D:4: 1943 daAuts
     D:7: 1404 daAuts
     D:3: 1321 daAuts
     D:2: 958 daAuts
     D:8: 832 daAuts
     D:1: 799 daAuts
  Temple: 134 daAuts
